AoeStats
← Wolfaroth

Black Forest

505491045Analyzed
2v2 RM · 23d ago on Sep 9, 2026· 87m 37s· 4 players
Game mode
Random Map
Map size
Medium (4 player)
Population
200
Speed
Normal
Resources
Standard
Victory
Conquest
Starting age
Dark Age
Ending age
Imperial Age
RankedLock teamsTeams togetherTeam positionsShared explorationLock speedFull tech treeHidden civsTurbo modeCheats
Victory
Defeat
🇩🇪 Vietnamese · Germany
748
+18
🇩🇪 Franks · Germany
729
+18
🇬🇷 Portuguese · Greece
787
-18
🇬🇷 Britons · Greece
782
-18
Wolfaroth
0:33 Loom
13:12 Feudal Age
14:49 Double-Bit Axe
14:54 Horse Collar
17:54 Castle Age
16:57 Stone Mining
19:15 Bow Saw
19:11 Heavy Plow
28:53 Gold Mining
32:27 Imperial Age
29:44 Town Watch
29:57 Fletching
32:14 Ballistics
32:05 Fortified Wall
31:53 Bodkin Arrow
31:59 Padded Archer Armor
32:10 Forging
32:01 Scale Mail Armor
32:06 Scale Barding Armor
33:11 Bracer
33:27 Leather Archer Armor
33:53 Wheelbarrow
34:43 Conscription
35:35 Chain Barding Armor
36:48 Ring Archer Armor
37:23 Chemistry
37:53 Elite Longbowman
39:38 Light Cavalry
40:18 Husbandry
39:39 Cavalier
44:11 Yeomen
44:36 Plate Barding Armor
44:17 Chain Mail Armor
44:37 Iron Casting
44:51 Hand Cart
46:06 Squires
45:27 Pikeman
46:47 Halberdier
53:56 Caravan
54:26 Coinage
54:07 Guilds
57:25 Plate Mail Armor
57:56 Blast Furnace
58:02 Murder Holes
62:43 Warwolf
69:18 Two-Man Saw
68:22 Town Patrol
79:10 Heavy Scorpion
86:18 Elite Skirmisher
peritrikala
0:32 Loom
18:18 Feudal Age
24:19 Castle Age
23:00 Horse Collar
25:39 Wheelbarrow
27:52 Fortified Wall
28:00 Double-Bit Axe
29:26 Bow Saw
32:13 Pikeman
33:13 Gold Mining
37:53 Ballistics
39:45 Hand Cart
41:53 Heavy Plow
45:13 Imperial Age
43:48 Murder Holes
44:04 Masonry
43:35 Treadmill Crane
44:07 Town Watch
44:27 Caravan
45:03 Forging
45:53 Husbandry
47:17 Arquebus
49:29 Crop Rotation
50:03 Two-Man Saw
49:03 Cavalier
49:53 Bloodlines
50:17 Conscription
52:17 Stone Mining
52:30 Onager
53:35 Halberdier
54:06 Arson
55:37 Scale Mail Armor
56:12 Iron Casting
55:28 Fletching
55:38 Padded Archer Armor
55:43 Scale Barding Armor
60:34 Elite Organ Gun
70:44 Leather Archer Armor
71:30 Blast Furnace
70:45 Chain Mail Armor
70:51 Chain Barding Armor
70:28 Bodkin Arrow
78:47 Guilds
KerryGold6761
9:55 Loom
15:19 Feudal Age
21:56 Double-Bit Axe
24:23 Castle Age
25:42 Wheelbarrow
26:55 Forging
26:53 Scale Barding Armor
29:51 Gold Mining
33:15 Gold Shaft Mining
32:30 Stone Mining
35:27 Iron Casting
40:01 Imperial Age
38:06 Ballistics
38:29 Hand Cart
37:47 Elite Skirmisher
40:11 Cavalier
41:42 Imperial Skirmisher
44:09 Chivalry
44:33 Conscription
43:59 Onager
47:13 Chain Barding Armor
47:53 Blast Furnace
46:44 Fletching
50:18 Chemistry
51:31 Bow Saw
52:16 Paladin
55:21 Masonry
56:10 Plate Barding Armor
55:31 Bodkin Arrow
55:36 Padded Archer Armor
58:50 Husbandry
67:07 Light Cavalry
71:17 Architecture
BananaBirb
10:01 Loom
14:39 Feudal Age
15:13 Fishing Lines
15:23 Double-Bit Axe
17:23 Wheelbarrow
17:59 Horse Collar
21:04 Town Watch
22:02 Gold Mining
22:03 Stone Mining
25:11 Castle Age
24:15 Padded Archer Armor
24:05 Fletching
24:43 Bloodlines
25:47 Scale Barding Armor
25:42 Scale Mail Armor
25:53 Forging
25:29 Crossbowman
27:02 Bodkin Arrow
28:56 Hand Cart
28:12 Light Cavalry
29:12 Husbandry
30:26 Thumb Ring
31:17 Fortified Wall
32:36 Heavy Plow
33:18 Iron Casting
33:02 Leather Archer Armor
32:58 Bow Saw
33:30 Stone Shaft Mining
34:43 Town Patrol
35:22 Iron Casting
34:46 Murder Holes
40:44 Imperial Age
40:07 Chain Barding Armor
39:11 Elite Skirmisher
41:11 Imperial Skirmisher
41:12 Arbalester
42:52 Elite Battle Elephant
44:05 Ballistics
46:23 Two-Man Saw
45:57 Crop Rotation
46:50 Chemistry
47:38 Treadmill Crane
48:12 Caravan
48:57 Chatras
49:07 Elite Rattan Archer
55:47 Paper Money
71:37 Ring Archer Armor
71:07 Bracer
70:57 Arrowslits
88:22 Hoardings
Connection lost

Rejoining the realm…

Still unreachable

The connection could not be restored.

Session expired

The server has moved on; the page needs a fresh start.